 Dungeon Crawl Stone Soup version 0.29-a0-378-gc08b2e8bf8 (webtiles) character file.

Game seed: 11631976652315744064

306 loir the Magician (level 6, -2/46 HPs)
             Began as a Djinni Conjurer on May 5, 2022.
             Killed from afar by Sigmund (5 damage)
             ... with a magic dart
             ... on level 4 of the Dungeon.
             The game lasted 00:20:38 (4009 turns).

loir the Magician (Djinni Conjurer)                 Turns: 4009, Time: 00:20:38

Health: -2/46      AC:  4    Str:  6    XL:     6   Next: 67%
Gold:   145        EV: 12    Int: 22    God:
                   SH:  0    Dex: 11

rFire   + + .      SeeInvis .   d - +2 short sword (vamp)
rCold   x . .      Faith    .   (no shield)
rNeg    . . .      Spirit   .   a - +0 robe
rPois   ∞          Reflect  .   (no helmet)
rElec   .          Harm     .   b - +1 cloak
rCorr   .          Rampage  .   (no gloves)
Will    .....                   (boots unavailable)
Stlth   ++........              (no amulet)
HPRegen 0.15/turn               (no ring)
MPRegen 0.00/turn               (no ring)

@: flying
A: sickness immunity, fire resistance 2, cold vulnerability 1, float, innate
caster, HP casting, extra vitality 1
a: no special abilities


You were on level 4 of the Dungeon.
You visited 1 branch of the dungeon, and saw 4 of its levels.

You collected 145 gold pieces.

Inventory:

Hand Weapons
 d - a +2 vampiric short sword (weapon)
 k - a +3 short sword
Missiles
 c - 5 poisoned darts
 e - 108 stones
Armour
 a - a +0 robe (worn)
 b - a +1 cloak (worn)
 i - a +1 ring mail of willpower
 q - a +0 kite shield
Jewellery
 o - a +4 ring of protection
Scrolls
 g - a scroll of enchant armour
 p - a scroll of blinking
Potions
 f - 5 potions of curing
 h - 2 potions of invisibility
 j - 2 potions of attraction
 l - a potion of heal wounds
 m - a potion of berserk rage {unknown}
 n - 2 potions of brilliance
 r - a potion of flight {unknown}
 s - a potion of haste {unknown}


   Skills:
 + Level 3.2 Fighting
 - Level 2.1 Dodging
 - Level 1.5 Stealth
 * Level 5.1 Spellcasting


You couldn't memorise any spells.
You knew the following spells:

 Your Spells              Type           Power      Damage    Failure   Level
a - Magic Dart            Conj           100%       1d8       1%          1
b - Searing Ray           Conj           56%        2d6       1%          2
c - Dazzling Flash        Conj/Hex       56%        N/A       3%          3
d - Fulminant Prism       Conj/Hex       14%        3d9       12%         4
e - Iskenderun's Mystic   Conj/Tloc      28%        2d7       12%         4
f - Sandblast             Erth           56%        2d13      1%          1
g - Ensorcelled Hibernat  Hex/Ice        56%        N/A       1%          2
Your spell library was empty.

Dungeon Overview and Level Annotations

Branches:
Dungeon (4/15)
 Temple: D:4-7

Altars:

Annotations:
D:4 Sigmund


Innate Abilities, Weirdness & Mutations

You are immune to sickness and miasma.
You are immune to poison.
Your flesh is very heat resistant. (rF++)
You are vulnerable to cold. (rC-)
You float through the air rather than walking.
You learn spells naturally, not from books.
Your magical power is your life essence.
You have superior vitality. (+4 MHP)


Message History

Deactivating autopickup; reactivate with Ctrl-A.
Casting: Ensorcelled Hibernation (safe; 1% risk of failure)
Confirm with . or Enter, or press ? or * to list all spells.
Aiming: Ensorcelled Hibernation (safe; 1% risk of failure)
Press: ? - help, Shift-Dir - straight line Nothing appears to happen.
Something hits you.
Casting: Ensorcelled Hibernation (safe; 1% risk of failure)
Confirm with . or Enter, or press ? or * to list all spells.
Aiming: Ensorcelled Hibernation (safe; 1% risk of failure)
Press: ? - help, Shift-Dir - straight line The iguana looks drowsy...
Something hits you!
Casting: Ensorcelled Hibernation (safe; 1% risk of failure)
Confirm with . or Enter, or press ? or * to list all spells.
Aiming: Searing Ray (safe; 1% risk of failure)
Press: ? - help, Shift-Dir - straight line The searing ray hits the iguana!
The iguana is heavily wounded.
The iguana hisses angrily.
The searing ray hits something! (Press . to maintain the ray.)
The iguana bites you.
The searing ray hits the iguana!
The iguana is almost dead.
Something hits you! The iguana barely misses you.
The searing ray hits the iguana.
You kill the iguana!
The searing ray hits something.
* * * LOW HITPOINT WARNING * * *
Something hits you!
* * * LOW HITPOINT WARNING * * *
* * * LOW HITPOINT WARNING * * *
You finish channelling your searing ray.
Casting: Searing Ray (safe; 1% risk of failure)
Confirm with . or Enter, or press ? or * to list all spells.
You don't have enough health to cast this spell.
You hear some strange, mumbled words.
Something tries to affect you, but you resist.
A magic dart appears from out of thin air!
The magic dart hits you.
You die...

#### #
##...
#.##..#
#...{####
####..#.#
##...#
##@## #.#
#.# #.#
#.# #.#
#.# #.#
#.# #.#


There were no monsters in sight!

Vanquished Creatures
  A hound (D:4)
  An orc priest (D:3)
  Crazy Yiuf (D:3)
  Jessica (D:3)
  An iguana (D:4)
  An orc wizard (D:3)
  Natasha (twice) (D:3)
  An adder (D:2)
  A dart slug (D:2)
  A worm (D:2)
  13 orcs (D:3)
  5 ball pythons
  3 bats
  5 endoplasms
  A giant cockroach (D:3)
  7 goblins
  7 hobgoblins
  A quokka (D:1)
  4 frilled lizards
  8 kobolds
  7 rats
72 creatures vanquished.

Vanquished Creatures (others)
  A bat (D:1)
1 creature vanquished.

Grand Total: 73 creatures vanquished

Notes
Turn   | Place    | Note
-------+----------+-------------------------------------------
     0 | D:1      | loir the Djinni Conjurer began the quest for the Orb.
     0 | D:1      | Reached XP level 1. HP: 15/15 MP: 0/0
   203 | D:1      | Reached XP level 2. HP: 21/22 MP: 0/0
   425 | D:1      | Reached skill level 1 in Fighting
   711 | D:1      | Reached XP level 3. HP: 23/27 MP: 0/0
   711 | D:1      | Learned a level 1 spell: Sandblast
  2211 | D:2      | Reached skill level 4 in Spellcasting
  2211 | D:2      | Reached XP level 4. HP: 29/32 MP: 0/0
  3078 | D:3      | Reached XP level 5. HP: 31/38 MP: 0/0
  3078 | D:3      | Learned a level 2 spell: Ensorcelled Hibernation
  3568 | D:3      | Found a faded altar of an unknown god.
  3733 | D:3      | Found a runed translucent door.
  3734 | D:3      | Noticed Crazy Yiuf
  3734 | D:3      | Noticed Natasha
  3739 | D:3      | Killed Natasha
  3741 | D:3      | Killed Crazy Yiuf
  3742 | D:3      | Reached XP level 6. HP: 40/45 MP: 0/0
  3841 | D:3      | Noticed Natasha
  3843 | D:3      | Noticed Jessica
  3850 | D:3      | Killed Jessica
  3856 | D:3      | Killed Natasha
  3857 | D:3      | Reached skill level 5 in Spellcasting
  3995 | D:4      | Noticed Sigmund
  4009 | D:4      | Killed from afar by Sigmund

Illustrated notes

Levels and vault maps discovered:
D:1:      eino_arrival_water_cross, layout_basic, lemuel_flame_loot_1
D:2:      layout_basic, minivault_14, minmay_heptomino_h4
D:3:      layout_basic, nicolae_ecumenical_oubliette, grunt_decor_fettered,
          hangedman_decor_opposing, minmay_misc_feat_enclosed, uniq_jessica,
          uniq_crazy_yiuf_cottage, uniq_natasha
D:4:      layout_loops_ring, gup_sewer_entry_spiral, uniq_sigmund

Skill      XL: |  1  2  3  4  5  6 |
---------------+-------------------+-----
Fighting       | 1 2 3 |  3.2
Spellcasting   | 4 5 |  5.1
Dodging        | |  2.1
Stealth        | |  1.5

Action                   |  1- 3 |  4- 6 || total
-------------------------+-------+-------++-------
Melee: Short sword       |       |     1 ||     1
 Cast: Magic Dart        |    66 |    77 ||   143
       Searing Ray       |     2 |     7 ||     9
       Ensorcelled Hiber |       |     3 ||     3
  Use: Scroll            |     8 |     5 ||    13
Armor: Robe              |     2 |     5 ||     7
Dodge: Dodged            |     1 |     6 ||     7

Table legend: (Time is in decaauts)
 A = Elapsed time spent in this place.
 B = Non-inter-level travel time spent in this place.
 C = Inter-level travel time spent in this place.
 D = Time resting spent in this place.
 E = Time spent auto-exploring this place.
 F = Levels seen in this place.
 G = Mean time per level.
                   A        B        C        D        E       F      G
               +--------+--------+--------+--------+--------+-----+--------+
         Total |   4007 |   3881 |    126 |    339 |   3166 |   4 | 1001.8 |
       Dungeon |   4007 |   3881 |    126 |    339 |   3166 |   4 | 1001.8 |
               +--------+--------+--------+--------+--------+-----+--------+

Top non-repeatable levels by time:
     D:1: 1451 daAuts
     D:2: 1270 daAuts
     D:3: 1154 daAuts
     D:4: 130 daAuts
